 Dungeon Crawl Stone Soup version 0.17-a0-2064-g265a032 (webtiles) character file.

19 Lysie the Sneak (level 2, 0/13 HPs)
             Began as a Spriggan Enchanter on Oct 13, 2015.
             Slain by Terence
             ... wielding a +0 mace
              (4 damage)
             ... on level 1 of the Dungeon.
             The game lasted 00:02:29 (938 turns).

Lysie the Sneak (Spriggan Enchanter)                 Turns: 938, Time: 00:02:30

Health: 0/13       AC:  3    Str:  4    XL:     2   Next: 55%
Magic:  3/6        EV: 18    Int: 16    God:
Gold:   35         SH:  0    Dex: 16    Spells: 2 memorised, 3 levels left

rFire  . . .     SeeInvis +     a - +1 dagger
rCold  . . .     Clarity  .     b - +1 robe
rNeg   . . .     SustAt   .     (shield restricted)
rPois  .         Gourm    .     (helmet restricted)
rElec  .         Spirit   .     (no cloak)
rCorr  .         Warding  .     (gloves unavailable)
rMut   .         Stasis   .     (boots unavailable)
MR     .....                    (no amulet)
Stlth  +++.......               (no ring)
                                (no ring)

@: very quick, not resistant to hostile enchantments, fairly stealthy
A: unfitting armour, see invisible, herbivore 3, speed 3, slow metabolism 2
a: no special abilities


You were on level 1 of the Dungeon.
You were not hungry.

You visited 1 branch of the dungeon, and saw 2 of its levels.

You collected 35 gold pieces.

Inventory:

Hand Weapons
 a - a +1 dagger (weapon)
Armour
 b - a +1 robe (worn)
Scrolls
 m - a scroll of remove curse {unknown}
Potions
 e - a potion of lignification {unknown}
 g - 2 potions of flight {unknown}
 h - 2 potions of might {unknown}
 j - a potion of curing {unknown}
 k - a potion of magic {unknown}
 l - a potion of resistance {unknown}
Books
 c - a book of Maledictions

   Spells                             Type                      Level
   a - Corona                         Hexes                        1
   b - Ensorcelled Hibernation        Hexes/Ice                    2
   c - Confuse                        Hexes                        3
   d - Tukima's Dance                 Hexes                        3
   e - Dazzling Spray                 Conjuration/Hexes            3
Comestibles
 d - a bread ration
 f - 3 fruits
 i - a royal jelly


   Skills:
 * Level 2.5 Short Blades
 + Level 3.5 Dodging
 - Level 4.4 Stealth
 - Level 2.6 Spellcasting
 - Level 3.6 Hexes


You had 3 spell levels left.
You knew the following spells:

 Your Spells              Type           Power        Failure   Level  Hunger
a - Corona                Hex            ##.....      6%          1    #......
b - Ensorcelled Hibernat  Hex/Ice        #.....       17%         2    ##.....


Dungeon Overview and Level Annotations

Branches:
Dungeon (2/15)

Altars:

Annotations:
D:1 Terence


Innate Abilities, Weirdness & Mutations

You are tiny and cannot use many weapons and most armour.
You have supernaturally acute eyesight.
You are a herbivore.
You cover ground extremely quickly.
You need consume almost no food.


Message History

The hobgoblin misses you.
You barely miss the hobgoblin.
The hobgoblin is almost dead.
The hobgoblin hits you but does no damage.
You hit the hobgoblin.
You kill the hobgoblin!
Casting: Ensorcelled Hibernation
Confirm with . or Enter, or press ? or * to list all spells.
Aiming: Ensorcelled Hibernation
Press: ? - help, Shift-Dir - straight line, f/p - Terence
Aim: Terence, wielding a mace and wearing a scale mail (moderately wounded, chance to defeat MR: 48%) Terence looks drowsy...
Terence shouts!
Terence hits you with a mace.
You barely miss Terence.
Terence is moderately wounded.
You barely miss Terence.
Terence is moderately wounded.
Terence hits you with a mace.
You die...

##### #.#.### #.....#
#...#.############# ######
###.#.#.@@........# #....#
#.#.#.#########.# #.##.#
#.#.#.#########.###### #.##.#
#.#.#.......).#g#...%##
##.##.#####.#.#########.#.#.##.#.
...##.......#...........#......#.
...........................>#.##.
............................#..#.
..###.#####################.####.


You could see Terence.

Vanquished Creatures
  An adder (D:2)
  A hobgoblin (D:1)
  2 bats
  2 goblins
  3 kobolds
  3 rats
12 creatures vanquished.

Notes
Turn   | Place    | Note
--------------------------------------------------------------
     0 | D:1      | Lysie the Spriggan Enchanter began the quest for the Orb.
     0 | D:1      | Reached XP level 1. HP: 9/9 MP: 5/5
   574 | D:2      | Reached XP level 2. HP: 13/13 MP: 6/6
   594 | D:2      | Noticed Terence
   836 | D:1      | Learned a level 2 spell: Ensorcelled Hibernation
   938 | D:1      | Slain by Terence

Vault maps used:
D:1:      saegor_arrival_simple_b
D:2:      first_bread, uniq_natasha, uniq_sigmund, uniq_terence

Action                   || total
-------------------------++-------
Melee: Dagger            ||    59
 Cast: Ensorcelled Hiber ||     3
 Stab: Sleeping          ||     5
